 Dungeon Crawl Stone Soup version 0.31-a0-675-g238779eb0a (webtiles) character file.

Game seed: 2263707641253151326

153 qw the Shooter (level 5, -4/32 HPs)
             Began as a Gargoyle Hunter on Sept 5, 2023.
             Slain by an ogre
             ... wielding a +0 giant club
              (17 damage)
             ... on level 4 of the Dungeon.
             The game lasted 00:00:59 (2310 turns).

qw the Shooter (Gargoyle Hunter)                    Turns: 2310, Time: 00:00:59

Health: -4/32      AC:  7    Str: 12 (15) XL:     5   Next: 35%
Magic:  5/5        EV: 11    Int:  8 (9)  God:
Gold:   85         SH:  0    Dex: 14 (15) Spells: 4/4 levels left

rFire   . . .        Y - +0 shortbow
rCold   . . .        (shield currently unavailable)
rNeg    + . .        c - +0 leather armour
rPois   inf          (no helmet)
rElec   +            (no cloak)
rCorr   .            (no gloves)
SInv    .            (no boots)
Will    .....        (no amulet)
Stlth   +            (no ring)
HPRegen 0.25/turn    (no ring)
MPRegen 0.09/turn

%: no passive effects
@: no status effects
A: sickness immunity, AC +4, negative energy resistance 1, electricity
resistance, torment resistance 1, petrification resistance
a: no special abilities


You were on level 4 of the Dungeon.
You visited 1 branch of the dungeon, and saw 4 of its levels.

You collected 85 gold pieces.


Innate Abilities, Weirdness & Mutations

You are immune to sickness and miasma.
Your stone body is resilient. (AC +4)
You are immune to poison.
You resist negative energy. (rN+)
You are resistant to electric shocks. (rElec)
You are resistant to unholy torment.
You are immune to petrification.


   Skills:
 + Level 3.4 Fighting
 - Level 6.0 Ranged Weapons
 - Level 1.5 Dodging
 - Level 1.1 Stealth


You had 4 spell levels left.
You didn't know any spells.
Your spell library was empty.

Inventory:

Hand Weapons
 Y - a +0 shortbow (weapon)
Armour
 c - a +0 leather armour (worn)
Scrolls
 g - 4 scrolls of teleportation
Potions
 b - a potion of attraction {unknown}
 d - a potion of resistance {unknown}
 h - a potion of heal wounds

Dungeon Overview and Level Annotations

Branches:
Dungeon (4/15)
 Temple: D:4-7

Altars:
Hepliaklqana


Message History

Done exploring.
2248 ||| DRINKING 2 glowing cyan potions.
It was a potion of degeneration.
There was something very wrong with that liquid.
You feel weakened.
You feel dopey.
You feel clumsy.
Done exploring.
2249 ||| DRINKING 2 emerald potions.
It was a potion of heal wounds.
You feel much better.
Done exploring.
2250 ||| DROPPING potion of degeneration.
You drop a potion of degeneration.
Done exploring.
What level of the Dungeon? (default 3, ? - help)
There is a stone staircase leading down here.
You climb downwards.
There is a stone staircase leading up here.
An orc is nearby!
Waypoint 3 assigned to D:4.
You shoot an arrow. The arrow hits the orc!
You kill the orc!
An orc comes into view. It is wielding a +0 hand axe.
An ogre comes into view. It is wielding a +0 giant club.
You shoot an arrow. The ogre shouts!
The arrow hits the ogre.
The ogre is moderately wounded.
You shoot an arrow. The arrow barely misses the ogre.
The ogre hits you but does no damage.
You shoot an arrow. The arrow hits the ogre!
The ogre is heavily wounded.
You shoot an arrow. The arrow hits the ogre.
The ogre is severely wounded.
The ogre barely misses you.
You shoot an arrow. The arrow hits the ogre.
The ogre is severely wounded.
The ogre hits you with a +0 giant club!!
Ouch! That really hurt!
You shoot an arrow. The arrow closely misses the ogre.
The ogre hits you with a +0 giant club!
Ouch! That really hurt!
You die...

. .. #...
## ....
##.###.)#
#..<@o..#
#..##O##.#
#. .... #
##.....
####.## .#
#


You could see an ogre and an orc.

Vanquished Creatures
  7 adders
  A worm (D:2)
  4 dart slugs
  2 orcs
  7 endoplasms
  6 giant cockroaches
  6 goblins
  8 hobgoblins
  2 quokkas (D:1)
  4 ball pythons
  12 bats
  6 frilled lizards
  5 kobolds (D:1)
  5 rats
75 creatures vanquished.

Notes
Turn   | Place    | Note
-------+----------+-------------------------------------------
     0 | D:1      | qw the Gargoyle Hunter began the quest for the Orb.
     0 | D:1      | Reached XP level 1. HP: 12/12 MP: 1/1
     0 | D:1      | 0 ||| qw: Version: 0.3-a-75-g829b12e
     0 | D:1      | 0 ||| qw: Game counter: 157
     0 | D:1      | 0 ||| qw: Melee chars always use a shield: true
     0 | D:1      | 0 ||| qw: God list: Okawaru
     0 | D:1      | 0 ||| qw: Allow faded altars: false
     0 | D:1      | 0 ||| qw: Do Orc after clearing Dungeon:15 true
     0 | D:1      | 0 ||| qw: Do second Lair branch before Depths: true
     0 | D:1      | 0 ||| qw: Lair rune preference: random
     0 | D:1      | 0 ||| qw: Goals: Normal
     0 | D:1      | 0 ||| PLANNING D:1-11
    41 | D:1      | Reached XP level 2. HP: 17/17 MP: 2/2
   201 | D:1      | Found a faded altar of an unknown god.
   366 | D:1      | Reached XP level 3. HP: 21/21 MP: 3/3
   549 | D:1      | Reached skill level 5 in Ranged Weapons
   770 | D:1      | 770 ||| READING scroll labelled QULEXOGERUSCH.
   771 | D:1      | 771 ||| READING scroll labelled KENNIN POSE.
   772 | D:1      | 772 ||| READING 3 scrolls labelled GYUMPIM HORUBY.
   775 | D:1      | 775 ||| DROPPING scroll of butterflies.
   973 | D:2      | Reached skill level 3 in Fighting
   989 | D:2      | Reached XP level 4. HP: 25/28 MP: 4/4
  1545 | D:2      | 1545 ||| READING 2 scrolls labelled AHAOMN PUROLL.
  1546 | D:2      | 1546 ||| READING scroll labelled BOGRIDW RIDEI.
  1547 | D:2      | 1547 ||| DROPPING scroll of immolation.
  1684 | D:3      | Reached XP level 5. HP: 32/32 MP: 5/5
  1735 | D:3      | Reached skill level 6 in Ranged Weapons
  1853 | D:3      | Found a hazy altar of Hepliaklqana.
  2147 | D:3      | 2147 ||| READING scroll labelled ESTRO QOANUHA.
  2248 | D:3      | 2248 ||| DRINKING 2 glowing cyan potions.
  2249 | D:3      | 2249 ||| DRINKING 2 emerald potions.
  2250 | D:3      | 2250 ||| DROPPING potion of degeneration.
  2304 | D:4      | Noticed an ogre
  2310 | D:4      | Slain by an ogre

Levels and vault maps discovered:
D:1:      dreamdust_arrival_sigmund_warning, layout_basic,
          hellmonk_ecumenical_altar_arch_garden, chequers_serial_rivers_marsh,
          minmay_stone_trees_large, nicolae_concentric_dashed_squares_wild,
          minmay_misc_feat_rows, roderic_filled_cross
D:2:      layout_loops_cross, glass_columns_b
D:3:      layout_loops_ring, lemuel_doored_altar
D:4:      layout_loops_ring, bloody_trog, grunt_decor_arrowhead

Skill      XL: |  1  2  3  4  5 |
---------------+----------------+-----
Ranged Weapons | 5 6 |  6.0
Fighting       | 3 |  3.4
Dodging        | |  1.5
Stealth        | |  1.1

Action                     |  1- 3 |  4- 6 || total
---------------------------+-------+-------++-------
   Fire: Shortbow          |   117 |   147 ||   264
    Use: Scroll            |     3 |     3 ||     6
         Potion            |       |     2 ||     2
 Armour: Leather armour    |    30 |    61 ||    91
  Dodge: Dodged            |    25 |    47 ||    72

Table legend:
 A = Non-vault XP
 B = Vault XP
 C = Vault XP percentage of total XP
 D = Non-vault monster count
 E = Vault monster count
 F = Vault count percentage of total count
                 A         B        C        D         E       F
            +---------+---------+-------+---------+---------+-------
      Total |     219 |       0 |   0.0 |      75 |       0 |   0.0
            +---------+---------+-------+---------+---------+-------
        D:1 |      44 |       0 |   0.0 |      27 |       0 |   0.0
        D:2 |      81 |       0 |   0.0 |      25 |       0 |   0.0
        D:3 |      91 |       0 |   0.0 |      22 |       0 |   0.0
        D:4 |       3 |       0 |   0.0 |       1 |       0 |   0.0
            +---------+---------+-------+---------+---------+-------
